 Dungeon Crawl Stone Soup version 0.31.0-9-g3a7656b989 (webtiles) character file.

Game seed: 9281033236525944728

223 qw the Skirmisher (level 5, -3/29 HPs)
             Began as a Deep Elf Hunter on Feb 2, 2024.
             Killed from afar by Ijyb (4 damage)
             ... with a puff of flame
             ... on level 4 of the Dungeon.
             The game lasted 00:00:10 (1895 turns).

qw the Skirmisher (Deep Elf Hunter)                 Turns: 1895, Time: 00:00:11

Health: -3/29      AC:  5    Str: 10    XL:     5   Next: 66%
Magic:  7/7        EV: 12    Int: 14    God:
Gold:   183        SH:  0    Dex: 18    Spells: 4/4 levels left

rFire   . . .        a - +2 shortbow
rCold   . . .        (shield currently unavailable)
rNeg    + . .        c - +0 leather armour
rPois   .            f - +0 helmet
rElec   .            e - +0 cloak
rCorr   .            (no gloves)
SInv    .            (no boots)
Will    .....        (no amulet)
Stlth   ++           i - ring of positive energy
HPRegen 0.24/turn    (no ring)
MPRegen 0.10/turn

%: no passive effects
@: about to teleport
A: no striking features
a: no special abilities


You were on level 4 of the Dungeon.
You visited 1 branch of the dungeon, and saw 4 of its levels.

You collected 183 gold pieces.


   Skills:
 - Level 1.5 Fighting
 - Level 9.2 Ranged Weapons
 + Level 2.4 Dodging
 - Level 1.2 Stealth


You had 4 spell levels left.
You didn't know any spells.
Your spell library was empty.

Inventory:

Hand Weapons
 a - a +2 shortbow (weapon)
Armour
 c - a +0 leather armour (worn)
 e - a +0 cloak (worn)
 f - a +0 helmet (worn)
 m - a +1 robe of resistance
Jewellery
 i - a ring of positive energy (left hand)
Scrolls
 d - a scroll of brand weapon {unknown}
 j - 2 scrolls of identify
Potions
 b - 3 potions of curing
 h - a potion of might
 k - a potion of enlightenment {unknown}
 l - 2 potions of haste {unknown}

Dungeon Overview and Level Annotations

Branches:
Dungeon (4/15)
 Temple: D:4-7

Altars:
Sif Muna

Annotations:
D:3 3 runed translucent doors, qw's ghost, amateur DEHu
D:4 Ijyb


Message History

The kobold shouts!
The kobold is severely wounded.
You shoot an arrow. The arrow barely misses the kobold.
You shoot an arrow. The arrow hits the kobold.
You kill the kobold!
j - 2 scrolls of identify (gained 1) Ijyb the Twisted Goblin comes into view.
She is wielding a +2 spectral club, wearing a +2 leather armour of poison resistance and carrying a wand of flame.
You shoot an arrow. The arrow hits Ijyb.
Ijyb is lightly wounded.
You shoot an arrow. The arrow hits Ijyb.
Ijyb is moderately wounded.
Ijyb hits you with a +2 spectral club.
You shoot an arrow. The arrow hits Ijyb but does no damage.
Ijyb is moderately wounded.
Ijyb hits you with a +2 spectral club.
You shoot an arrow. The arrow barely misses Ijyb.
Ijyb hits you with a +2 spectral club.
You shoot an arrow. The arrow hits Ijyb but does no damage.
Ijyb is moderately wounded.
Ijyb hits you with a +2 spectral club.
You shoot an arrow. The arrow hits Ijyb.
Ijyb is moderately wounded.
Ijyb barely misses you.
You shoot an arrow. The arrow misses Ijyb.
Ijyb barely misses you.
You shoot an arrow. The arrow hits Ijyb!
Ijyb is severely wounded.
Ijyb hits you with a +2 spectral club.
You shoot an arrow. The arrow barely misses Ijyb.
Ijyb zaps a wand.
The puff of flame hits you!
1893 ||| READING scroll of teleportation.
As you read the scroll of teleportation, it crumbles to dust.
You feel strangely unstable. Ijyb closely misses you.
You shoot an arrow. The arrow barely misses Ijyb.
Ijyb barely misses you.
You shoot an arrow. The arrow hits Ijyb but does no damage.
Ijyb is severely wounded.
Ijyb zaps a wand.
The puff of flame hits you.
You die...

#.##.....# #............
#.##.....###)....##.....
#.##........###........#
#.##........# #......#..
#.##........###......#
#...........+........#
####........##.......).
#........##..........
###########@#####....
#g# .... ... .. .....
....... #.......#
#.......# #.......#


You could see Ijyb.

Vanquished Creatures
  Blork the orc (D:4)
  Robin (D:3)
  A gnoll (D:1)
  5 adders
  2 dart slugs (D:1)
  9 endoplasms
  5 giant cockroaches
  9 goblins
  15 hobgoblins
  5 kobolds
  2 quokkas
  8 ball pythons
  3 bats
  15 rats
81 creatures vanquished.

Notes
Turn   | Place    | Note
-------+----------+-------------------------------------------
     0 | D:1      | qw the Deep Elf Hunter began the quest for the Orb.
     0 | D:1      | Reached XP level 1. HP: 12/12 MP: 3/3
     0 | D:1      | 0 ||| qw: Version: 0.3-a-155-g5e7d8dd
     0 | D:1      | 0 ||| qw: Game counter: 2467
     0 | D:1      | 0 ||| qw: Melee chars always use a shield: true
     0 | D:1      | 0 ||| qw: God list: Okawaru
     0 | D:1      | 0 ||| qw: Allow faded altars: false
     0 | D:1      | 0 ||| qw: Do Orc after clearing Dungeon:15 true
     0 | D:1      | 0 ||| qw: Do second Lair branch before Depths: true
     0 | D:1      | 0 ||| qw: Lair rune preference: random
     0 | D:1      | 0 ||| qw: Goals: Normal
     0 | D:1      | 0 ||| PLANNING D:1-11
    49 | D:1      | Reached skill level 6 in Ranged Weapons
    49 | D:1      | Reached XP level 2. HP: 14/16 MP: 4/4
   177 | D:1      | Reached XP level 3. HP: 20/20 MP: 5/5
   301 | D:1      | Reached skill level 7 in Ranged Weapons
   433 | D:1      | 433 ||| UPGRADING to +0 cloak.
   438 | D:1      | 438 ||| UPGRADING to ring of positive energy.
   439 | D:1      | 439 ||| READING scroll labelled ZAOM QE JESKIPS.
   439 | D:1      | 439 ||| ENCHANTING +0 shortbow.
   440 | D:1      | 440 ||| READING 5 scrolls labelled BUNOOJ MYTT.
   440 | D:1      | 440 ||| IDENTIFYING fuming brown potion
   441 | D:1      | 441 ||| READING 4 scrolls of identify.
   441 | D:1      | 441 ||| IDENTIFYING scroll labelled IREYGI POUB
   442 | D:1      | 442 ||| DROPPING scroll of butterflies.
   554 | D:2      | Reached XP level 4. HP: 25/25 MP: 6/6
   587 | D:2      | 587 ||| READING scroll of enchant weapon.
   587 | D:2      | 587 ||| ENCHANTING +1 shortbow.
   950 | D:2      | 950 ||| READING 3 scrolls of identify.
   950 | D:2      | 950 ||| IDENTIFYING ruby potion
   951 | D:2      | 951 ||| READING 2 scrolls of identify.
   951 | D:2      | 951 ||| IDENTIFYING clear potion
   952 | D:2      | 952 ||| READING scroll of identify.
   952 | D:2      | 952 ||| IDENTIFYING scroll labelled GUSMAM DILEH
   953 | D:2      | 953 ||| READING scroll labelled LUL ITALONURGH.
  1054 | D:2      | 1054 ||| DROPPING scroll of noise.
  1055 | D:2      | 1055 ||| DROPPING potion of invisibility.
  1109 | D:3      | Found a faded altar of an unknown god.
  1118 | D:3      | Reached skill level 8 in Ranged Weapons
  1237 | D:3      | Found a runed translucent gate.
  1238 | D:3      | Found a runed translucent gate.
  1239 | D:3      | Found a runed translucent gate.
  1240 | D:3      | Noticed qw's ghost (amateur DEHu)
  1242 | D:3      | Identified the +5 chain mail "Unockits" {+Blink rElec rC+
                  | Dex-3}
  1287 | D:3      | Noticed Robin
  1295 | D:3      | Killed Robin
  1335 | D:3      | Reached XP level 5. HP: 29/29 MP: 7/7
  1637 | D:3      | 1637 ||| UPGRADING to +0 helmet.
  1642 | D:3      | 1642 ||| READING 3 scrolls of identify.
  1642 | D:3      | 1642 ||| IDENTIFYING bubbling coppery potion
  1643 | D:3      | 1643 ||| READING 2 scrolls of identify.
  1643 | D:3      | 1643 ||| IDENTIFYING scroll labelled XAEVAGGUUPT
  1644 | D:3      | 1644 ||| DROPPING scroll of silence.
  1645 | D:3      | 1645 ||| DROPPING potion of berserk rage.
  1740 | D:4      | Found a shimmering blue altar of Sif Muna.
  1815 | D:4      | Noticed Blork the orc
  1827 | D:4      | Killed Blork the orc
  1828 | D:4      | Reached skill level 9 in Ranged Weapons
  1883 | D:4      | Noticed Ijyb
  1892 | D:4      | HP: 1/29 [Ijyb/puff of flame (12)]
  1893 | D:4      | 1893 ||| READING scroll of teleportation.
  1895 | D:4      | Killed from afar by Ijyb

Levels and vault maps discovered:
D:1:      onia_arrival_pentagram, layout_rooms, minmay_tripent
D:2:      layout_rooms
D:3:      layout_rooms, biasface_ghost_orc_armoury,
          shapermc_ecumenical_altar_acropolis, dk_noncrumbling_4, hex_medium,
          uniq_robin
D:4:      layout_basic, kennysheep_mini_moat, nicolae_overflow_hidden_temple,
          minmay_temple_entry_grid, minmay_manual_moon, uniq_ijyb,
          uniq_eustachio, uniq_blork_the_orc

Skill      XL: |  1  2  3  4  5 |
---------------+----------------+-----
Ranged Weapons | 6 7 8 9 |  9.2
Fighting       | |  1.5
Dodging        | |  2.4
Stealth        | |  1.2

Action                     |  1- 3 |  4- 6 || total
---------------------------+-------+-------++-------
   Fire: Shortbow          |   121 |   115 ||   236
    Use: Scroll            |     3 |     8 ||    11
 Armour: Leather armour    |    16 |    20 ||    36
  Dodge: Dodged            |    26 |    22 ||    48

Table legend:
 A = Non-vault XP
 B = Vault XP
 C = Vault XP percentage of total XP
 D = Non-vault monster count
 E = Vault monster count
 F = Vault count percentage of total count
                 A         B        C        D         E       F
            +---------+---------+-------+---------+---------+-------
      Total |     183 |     136 |  42.6 |      67 |      14 |  17.3
            +---------+---------+-------+---------+---------+-------
        D:1 |      65 |       3 |   4.4 |      30 |       2 |   6.2
        D:2 |      69 |       0 |   0.0 |      22 |       0 |   0.0
        D:3 |      43 |      34 |  44.2 |      12 |      11 |  47.8
        D:4 |       6 |      99 |  94.3 |       3 |       1 |  25.0
            +---------+---------+-------+---------+---------+-------
